 Dungeon Crawl Stone Soup version 0.21.0-3-g78d12a8 (webtiles) character file.

11327 MTVSty1e the Severer (level 12, -1/97 HPs)
             Began as a Human Berserker on Jan 10, 2018.
             Was a High Priest of Trog.
             Slain by an enormous slime creature (51 damage)
             ... on level 12 of the Dungeon.
             The game lasted 00:43:31 (12922 turns).

MTVSty1e the Severer (Human Berserker)             Turns: 12922, Time: 00:43:31

Health: -1/97      AC: 14    Str: 23    XL:     12   Next: 6%
Magic:  12/12      EV:  6    Int: 12    God:    Trog [*****.]
Gold:   265        SH:  8    Dex: 14    Spells: 11/11 levels left

rFire    + . .     SeeInvis +   H - +3 war axe (elec)
rCold    + . .     Gourm    .   v - +0 shield of Pessimism {Regen+ Int+4 SInv}
rNeg     . . .     Faith    .   G - +1 storm dragon scales
rPois    .         Spirit   .   i - +0 helmet
rElec    +         Reflect  .   (no cloak)
rCorr    .         Harm     .   u - +0 pair of gloves
MR       .....                  (no boots)
Stlth    ..........             (no amulet)
HPRegen  0.66/turn              I - ring of Ruch {rF+ rC+ Stlth-}
MPRegen  0.13/turn              b - ring "Tayc" {rElec Str+2 Stlth+}

@: no status effects
A: no striking features
a: Berserk, Trog's Hand, Brothers in Arms, Burn Spellbooks, Renounce Religion


You were on level 12 of the Dungeon.
You worshipped Trog.
Trog was extremely pleased with you.
You were not hungry.

You visited 1 branch of the dungeon, and saw 12 of its levels.
You also visited: Labyrinth and Ossuary.

You collected 607 gold pieces.
You spent 342 gold pieces at shops.

Inventory:

Hand Weapons
 t - a +2 flail of protection
 F - a +3 battleaxe of chopping
 H - a +3 war axe of electrocution (weapon)
 L - a +0 hand axe of chopping
Armour
 g - a +1 plate armour
 i - a +0 helmet (worn)
 u - a +0 pair of gloves (worn)
 v - the +0 shield of Pessimism (worn) {Regen+ Int+4 SInv}
   (You found it on level 4 of the Dungeon)

   It affects your intelligence (+4).
   It lets you see invisible.
   It increases your rate of regeneration.
 G - +1 storm dragon scales (worn)
Jewellery
 b - the ring "Tayc" (right hand) {rElec Str+2 Stlth+}
   (You took it off a minotaur in a labyrinth)

   [ring of strength]

   It affects your strength (+2).
   It insulates you from electricity.
   It makes you more stealthy.
 o - an uncursed ring of positive energy
 x - an uncursed ring of fire
 E - a +4 ring of protection
 I - the ring of Ruch (left hand) {rF+ rC+ Stlth-}
   (You bought it in a shop on level 10 of the Dungeon)

   [ring of loudness]

   It protects you from fire.
   It protects you from cold.
   It makes you less stealthy.
 M - an uncursed amulet of harm {unknown}
Wands
 B - a wand of paralysis (16)
 C - a wand of flame (63)
 K - a wand of polymorph (18)
 N - a wand of random effects (45)
 O - a wand of iceblast (10)
 Q - a wand of digging (13)
Scrolls
 h - 6 scrolls of remove curse
 w - 2 scrolls of enchant armour
 y - a scroll of teleportation
 D - a scroll of fear
Potions
 j - a potion of magic {unknown}
 k - 6 potions of curing
 l - 3 potions of flight
 m - 2 potions of cancellation
 n - a potion of haste
 p - a potion of degeneration {unknown}
 q - 3 potions of lignification
 r - 4 potions of mutation
 s - a potion of resistance
 z - 2 potions of brilliance
 A - a potion of berserk rage {unknown}
 J - 2 potions of might
Comestibles
 c - 12 rations


   Skills:
 + Level 10.1 Fighting
 * Level 15.1 Axes
 - Level 2.0 Armour
 - Level 2.0 Dodging


You had 11 spell levels left.
You didn't know any spells.

Dungeon Overview and Level Annotations

Branches:
Dungeon (12/15)            Temple (0/1) D:5            Lair (0/6) D:10
    Orc (0/2) D:11

Altars:
Ashenzari
Cheibriados
Elyvilon
Fedhas
Hepliaklqana
Nemelex Xobeh
Okawaru
Ru
Uskayaw
Vehumet
Xom
Yredelemnul
The Shining One

Shops:
D:4 }   D:5 *   D:10 =


Message History

The slime creature is moderately wounded.
You slash the enormous slime creature!
Lightning courses through the enormous slime creature!
The slime creature hits you.
You hit the slime creature but do no damage.
Lightning courses through the slime creature!
The slime creature is heavily wounded.
You slash the enormous slime creature! The slime creature barely misses you.
You hit the slime creature.
Lightning courses through the slime creature!
The slime creature is almost dead.
You slash the enormous slime creature!
The enormous slime creature hits you!!!!
Ouch! That really hurt!
* * * LOW HITPOINT WARNING * * *
You block the slime creature's attack.
You hear a shout!
You feel much better. The enormous slime creature hits you!!!
Ouch! That really hurt!
You die...

## .. .# .#
######.###.#
#....@J....#
#.####J#####
#.# .# #<#
.# #.# .#
#.# .. #.#
## #.# #.#


You could see an enormous slime creature and a slime creature.

Vanquished Creatures
  A minotaur (Lab)
  2 two-headed ogres
  An orange crystal statue (D:10)
  Pikel (D:8)
  An unseen horror (D:10)
  A deep elf mage (D:10)
  A gargoyle (D:9)
  A troll (D:11)
  2 hippogriffs
  3 redbacks (Lab)
  A spriggan (D:7)
  A shadow (D:11)
  A wyvern (D:8)
  A yak (D:10)
  Menkaure (Ossuary)
  3 wargs (D:11)
  3 porcupines
  An orc warrior (D:7)
  5 ice beasts
  An eye of draining (D:11)
  A black bear (D:10)
  3 sky beasts
  10 ogres
  A phantom (D:8)
  An eye of draining (shapeshifter) (D:10)
  4 centaurs (D:11)
  A crocodile (D:8)
  4 big kobolds
  9 bullfrogs
  A gnoll sergeant (D:8)
  6 scorpions
  5 killer bees (D:11)
  2 howler monkeys (D:7)
  An electric eel (D:6)
  A crimson imp (D:7)
  A bullfrog zombie (D:4)
  8 orc wizards
  A jelly (D:9)
  2 bullfrog skeletons
  2 orc priests
  A hound (D:10)
  Terence (D:3)
  6 worker ants
  4 hound zombies
  A mummy (Ossuary)
  11 adders
  8 gnolls
  A shadow imp (D:6)
  2 oozes
  3 adder zombies
  3 worms
  3 dart slugs
  5 leopard geckos
  30 orcs
  4 bats
  6 giant cockroaches
  2 gnoll zombies (Ossuary)
  5 goblins
  13 hobgoblins
  19 jackals
  20 kobolds
  8 quokkas
  3 ball pythons
  4 frilled lizards
  4 gnoll skeletons (Ossuary)
  A goblin skeleton (Ossuary)
  3 goblin zombies (Ossuary)
  4 hobgoblin zombies (Ossuary)
  2 kobold skeletons (Ossuary)
  3 kobold zombies (Ossuary)
  2 leopard gecko skeletons
  3 orc skeletons (Ossuary)
  9 rats
  A rat skeleton (Ossuary)
  2 fungi (D:10)
  A plant (D:10)
294 creatures vanquished.

Vanquished Creatures (others)
  2 mummies (Ossuary)
  A gnoll zombie (Ossuary)
  2 gnoll skeletons (Ossuary)
  4 goblin skeletons (Ossuary)
  2 goblin zombies (Ossuary)
  4 hobgoblin zombies (Ossuary)
  3 kobold skeletons (Ossuary)
  A kobold zombie (Ossuary)
  An orc skeleton (Ossuary)
  3 orc zombies (Ossuary)
  4 rat skeletons (Ossuary)
  2 rat zombies (Ossuary)
  11 fungi (D:10)
  A plant (D:10)
41 creatures vanquished.

Grand Total: 335 creatures vanquished

Notes
Turn   | Place    | Note
-------+----------+-------------------------------------------
     0 | D:1      | MTVSty1e the Human Berserker began the quest for the Orb.
     0 | D:1      | Reached XP level 1. HP: 18/18 MP: 1/1
    91 | D:1      | Reached XP level 2. HP: 9/24 MP: 2/2
   640 | D:1      | Reached skill level 4 in Axes
   640 | D:1      | Reached XP level 3. HP: 22/29 MP: 3/3
  1144 | D:2      | Reached ** piety under Trog
  1463 | D:2      | Found a glowing golden altar of the Shining One.
  2157 | D:2      | Reached XP level 4. HP: 35/35 MP: 4/4
  2877 | D:2      | Reached skill level 5 in Axes
  3069 | D:3      | Noticed an ogre
  3079 | D:3      | Killed an ogre
  3079 | D:3      | Reached skill level 6 in Axes
  3079 | D:3      | Reached XP level 5. HP: 41/41 MP: 5/5
  3086 | D:3      | Reached XP level 6. HP: 47/47 MP: 6/6
  3089 | D:3      | Noticed Terence
  3115 | D:3      | Killed Terence
  3524 | D:3      | Reached *** piety under Trog
  3524 | D:3      | Reached skill level 7 in Axes
  3641 | D:3      | Found a snail-covered altar of Cheibriados.
  3812 | D:3      | Found a blossoming altar of Fedhas.
  3847 | D:3      | Reached XP level 7. HP: 52/52 MP: 7/7
  4048 | D:4      | Found a snail-covered altar of Cheibriados.
  4137 | D:4      | Found an iron altar of Okawaru.
  4137 | D:4      | Found a radiant altar of Vehumet.
  4155 | D:4      | Found a sacrificial altar of Ru.
  4155 | D:4      | Found a sparkling altar of Nemelex Xobeh.
  4155 | D:4      | Found a shimmering altar of Xom.
  4203 | D:4      | Got a translucent shield
  4204 | D:4      | Identified the cursed +0 shield of Pessimism {Regen+ Int+4 SInv} (You found it on level 4 of the Dungeon)
  4634 | D:4      | Found Rogad's Gadget Shoppe.
  4799 | D:5      | Entered Level 5 of the Dungeon
  4810 | D:5      | Reached skill level 8 in Axes
  4923 | D:5      | Reached XP level 8. HP: 58/58 MP: 8/8
  4930 | D:5      | Reached **** piety under Trog
  4979 | D:5      | Found a sand-covered staircase.
  4985 | Ossuary  | Entered an ossuary
  4988 | Ossuary  | Received a gift from Trog
  5228 | Ossuary  | Noticed Menkaure
  5241 | Ossuary  | Killed Menkaure
  5499 | D:5      | Reached skill level 9 in Axes
  5514 | D:5      | Found a hide-covered altar of Uskayaw.
  5538 | D:5      | Found a staircase to the Ecumenical Temple.
  5590 | D:5      | Found Woimmod's General Store.
  5742 | D:5      | Found a basalt altar of Yredelemnul.
  7280 | D:6      | Reached ***** piety under Trog
  7447 | D:7      | Reached skill level 10 in Axes
  7450 | D:7      | Found a white marble altar of Elyvilon.
  7504 | D:7      | Reached XP level 9. HP: 67/67 MP: 9/9
  7565 | D:7      | Noticed a hippogriff
  7577 | D:7      | Killed a hippogriff
  7577 | D:7      | Reached skill level 5 in Fighting
  7864 | D:7      | Reached skill level 11 in Axes
  8029 | D:7      | Found a radiant altar of Vehumet.
  8453 | D:8      | Found an iron altar of Okawaru.
  8513 | D:8      | Reached XP level 10. HP: 28/77 MP: 10/10
  8711 | D:8      | Noticed Pikel
  8739 | D:8      | Killed Pikel
  8739 | D:8      | Reached skill level 12 in Axes
  8780 | D:8      | Found a shattered altar of Ashenzari.
  9419 | D:9      | Noticed a two-headed ogre
  9584 | D:9      | Noticed a gargoyle
  9599 | D:9      | Killed a gargoyle
  9697 | D:9      | Killed a two-headed ogre
  9718 | D:9      | Reached skill level 13 in Axes
  9760 | D:9      | Found a hazy altar of Hepliaklqana.
 10195 | D:10     | Entered Level 10 of the Dungeon
 10457 | D:10     | Reached XP level 11. HP: 31/87 MP: 11/11
 10753 | D:10     | Noticed a deep elf mage
 10762 | D:10     | Killed a deep elf mage
 11007 | D:10     | Found a staircase to the Lair.
 11138 | D:10     | Noticed an orange crystal statue
 11150 | D:10     | Received a gift from Trog
 11168 | D:10     | Reached skill level 14 in Axes
 11287 | D:10     | Killed an orange crystal statue
 11371 | D:10     | Found Kunn's Jewellery Emporium.
 11379 | D:10     | Bought the ring of Ruch {rF+ rC+ Stlth-} for 342 gold pieces
 11679 | D:10     | Noticed an unseen horror
 11690 | D:10     | Killed an unseen horror
 11881 | D:11     | Found a radiant altar of Vehumet.
 12018 | D:11     | Found a staircase to the Orcish Mines.
 12075 | D:11     | Found a labyrinth entrance.
 12077 | D:11     | Noticed a cyclops
 12078 | D:11     | Noticed a two-headed ogre
 12085 | Lab      | Entered a labyrinth
 12710 | Lab      | Noticed a minotaur
 12719 | Lab      | Killed a minotaur
 12721 | Lab      | Got a steaming lapis lazuli ring
 12798 | Lab      | Reached skill level 15 in Axes
 12801 | Lab      | Identified the ring "Tayc" {rElec Str+2 Stlth+} (You took it off a minotaur in a labyrinth)
 12819 | D:11     | Noticed a two-headed ogre
 12824 | D:11     | Killed a two-headed ogre
 12824 | D:11     | Reached skill level 10 in Fighting
 12824 | D:11     | Reached XP level 12. HP: 76/97 MP: 12/12
 12872 | D:11     | Noticed an eight-headed hydra
 12922 | D:12     | Slain by an enormous slime creature

Skill      XL: |  1  2  3  4  5  6  7  8  9 10 11 |
---------------+----------------------------------+-----
Axes           | 4 6 7 8 10 11 13 15 | 15.1
Fighting       | 4 6 8 10 | 10.1
Armour         | |  2.0
Dodging        | |  2.0

Action                   |  1- 3 |  4- 6 |  7- 9 | 10-12 || total
-------------------------+-------+-------+-------+-------++-------
Melee: Hand axe          |    93 |   188 |   642 |   315 ||  1238
       War axe           |       |       |       |   140 ||   140
       Battleaxe         |       |       |       |     9 ||     9
Invok: Berserk           |     1 |     3 |     9 |     6 ||    19
       Burn Spellbooks   |       |       |     3 |     2 ||     5
  Use: Potion            |     2 |       |     2 |     4 ||     8
       Scroll            |       |       |    22 |    11 ||    33
 Stab: Sleeping          |     4 |       |       |       ||     4
  Eat: Ration            |     1 |       |     6 |     7 ||    14
       Chunk             |       |     9 |     3 |       ||    12
Armor: Animal skin       |     7 |       |       |       ||     7
       Plate armour      |     4 |    93 |   310 |   236 ||   643
       Storm dragon scal |       |       |       |     8 ||     8
Dodge: Dodged            |    54 |    47 |    57 |    65 ||   223
Block: Shield            |       |       |   147 |   125 ||   272
